 Dungeon Crawl Stone Soup version 0.28-a0-1236-gb25a51b929 (webtiles) character file.

Game seed: 16212446349040949113

230 shoop the Chopper (level 5, -11/43 HPs)
             Began as a Palentonga Abyssal Knight on Dec 25, 2021.
             Was a Priest of Lugonu.
             Mangled by an ogre (19 damage)
             ... on level 4 of the Dungeon.
             The game lasted 00:05:33 (4153 turns).

shoop the Chopper (Palentonga Abyssal Knight)       Turns: 4153, Time: 00:05:34

Health: -11/43     AC:  7    Str: 18    XL:     5   Next: 72%
Magic:  6/6        EV:  8    Int: 11    God:    Lugonu [***...]
Gold:   141        SH:  3    Dex: 10    Spells: 4/4 levels left

rFire   . . .      SeeInvis +   a - +1 hand axe
rCold   . . .      Faith    .   g - +0 buckler
rNeg    . . .      Spirit   .   b - +0 leather armour
rPois   .          Reflect  .   q - +0 helmet
rElec   .          Harm     .   n - scarf {repulsion}
rCorr   .          Rampage  .   l - +1 pair of gloves
Will    .....                   (no barding)
Stlth   +.........              (no amulet)
HPRegen 0.14/turn               (no ring)
MPRegen 0.10/turn               (no ring)

@: repel missiles
A: large, rugged brown scales 3, see invisible, deformed body, roll 1, armoured
tail
a: Rolling Charge, Renounce Religion, Depart the Abyss, Bend Space, Banish


You were on level 4 of the Dungeon.
You worshipped Lugonu.
Lugonu was most pleased with you.
You visited 1 branch of the dungeon, and saw 4 of its levels.
You visited the Abyss 1 time.

You collected 171 gold pieces.
You spent 30 gold pieces at shops.

Inventory:

Hand Weapons
 a - a +1 hand axe (weapon)
Armour
 b - a +0 leather armour (worn)
 g - a +0 buckler (worn)
 l - a +1 pair of gloves (worn)
 n - a scarf of repulsion (worn)
 q - a +0 helmet (worn)
Scrolls
 c - a scroll of silence {unknown}
 d - 2 scrolls of identify {unknown}
 e - a scroll of acquirement {unknown}
 h - 2 scrolls of blinking {unknown}
 i - a scroll of enchant armour {unknown}
 k - a scroll of immolation {unknown}
 o - a scroll of summoning {unknown}
 p - a scroll of torment {unknown}
Potions
 f - a potion of attraction {unknown}
 j - 3 potions of curing
 m - a potion of flight {unknown}
 r - a potion of might {unknown}


   Skills:
 - Level 3.0 Fighting
 + Level 5.6 Axes
 - Level 1.5 Armour
 - Level 0.7 Dodging
 - Level 1.0 Stealth
 - Level 1.0 Shields
 - Level 2.0 Invocations


You had 4 spell levels left.
You didn't know any spells.
Your spell library contained the following spells:

 Spells                   Type           Power      Damage    Failure   Level
 Dazzling Flash           Conj/Hex       0%         N/A       86%         3
 Gell's Gravitas          Tloc           0%         N/A       86%         3
 Lesser Beckoning         Tloc           0%         N/A       86%         3
 Teleport Other           Tloc           0%         N/A       86%         3
 Iskenderun's Mystic Bla  Conj/Tloc      0%         2d3       99%         4
 Starburst                Conj/Fire      0%         6d3       100%        6


Dungeon Overview and Level Annotations

Branches:
Dungeon (4/15)
 Temple: D:4-7

Altars:
Fedhas
Sif Muna

Shops:
D:1 !

Annotations:
D:3 exclusion: oklob plant
D:4 exclusion: ogre, Menkaure


Innate Abilities, Weirdness & Mutations

You are completely covered in rugged brown scales. (AC +3, +7% HP)
You have supernaturally acute eyesight. (SInv)
Armour fits poorly on your strangely shaped body.
You can roll at nearby foes to attack.
You have a long armoured tail.


Message History

You hit the dart slug.
You kill the dart slug!
Lugonu accepts your kill.
No target in view!
No target in view!
HP restored.
Items here: ( )))) [[ †††.
Okay, then.
Items here: ))) †.
Found a pair of gloves.
Okay, then.
You see here a +0 pair of gloves.
A hobgoblin comes into view.
The hobgoblin shouts!
You hear a shout!
The hobgoblin hits you.
You hit the hobgoblin.
The hobgoblin is severely wounded.
The hobgoblin hits you.
You hit the hobgoblin.
You kill the hobgoblin!
Lugonu accepts your kill.
No reachable target in view!
No reachable target in view!
There's nothing you can charge at!
Okay, then.
Roll where?
Press: ? - help, Dir - move target, f - ogre
Aim: an ogre, wielding a +0 giant club You roll forward with a clatter of scales!
You slash the ogre!
The ogre is severely wounded.
The ogre hits you with a +0 giant club!
You hit the ogre.
Your tail-slap misses the ogre.
The ogre is severely wounded.
The ogre hits you with a +0 giant club!
* * * LOW HITPOINT WARNING * * *
You hit the ogre.
The ogre is almost dead.
The ogre hits you with a +0 giant club!!
You die...

########.#
.$.........
#.).......
#........#
#........###
#..........+
#.........##
#...O.....##
#...@..†...#
#........#.#
####.....#.#
#°#..<..#
#.##########
#...........
###.########
#[.# ##.#


You could see an ogre.

Vanquished Creatures
  A jelly (D:3)
  An orc priest (D:3)
  Robin (D:4)
  A gnoll (D:1)
  3 adders
  An adder skeleton (D:4)
  A worm (D:2)
  2 dart slugs
  4 orcs (D:3)
  7 ball pythons
  6 endoplasms
  5 giant cockroaches
  18 goblins
  6 hobgoblins
  12 jackals
  10 kobolds
  7 quokkas
  4 bats
  3 frilled lizards (D:3)
  3 rats
96 creatures vanquished.

Vanquished Creatures (others)
  17 toadstools (D:3)
17 creatures vanquished.

Grand Total: 113 creatures vanquished

Notes
Turn   | Place    | Note
-------+----------+-------------------------------------------
     0 | Abyss:1  | shoop the Palentonga Abyssal Knight began the quest for the
                  | Orb.
     0 | Abyss:1  | Reached XP level 1. HP: 19/19 MP: 2/2
    70 | D:1      | Escaped the Abyss
   399 | D:1      | Reached * piety under Lugonu
   446 | D:1      | Reached XP level 2. HP: 25/25 MP: 3/3
   962 | D:1      | Found Fiadant's Distillery.
   965 | D:1      | Bought a potion of curing for 30 gold pieces
  1040 | D:1      | Reached skill level 3 in Axes
  1040 | D:1      | Reached XP level 3. HP: 23/31 MP: 4/4
  1431 | D:2      | Found a faded altar of an unknown god.
  1443 | D:2      | Reached skill level 1 in Stealth
  1488 | D:2      | Found a shimmering blue altar of Sif Muna.
  1502 | D:2      | Reached skill level 1 in Shields
  1852 | D:2      | Reached ** piety under Lugonu
  1860 | D:2      | Reached XP level 4. HP: 34/37 MP: 5/5
  2290 | D:3      | Reached skill level 4 in Axes
  2469 | D:3      | Found a blossoming altar of Fedhas.
  2493 | D:3      | Noticed an oklob plant
  2651 | D:3      | Reached XP level 5. HP: 9/43 MP: 6/6
  3447 | D:4      | Noticed Menkaure
  3503 | D:4      | Noticed an ogre
  3580 | D:3      | Reached skill level 5 in Axes
  3952 | D:4      | Noticed Robin
  3966 | D:4      | Killed Robin
  3990 | D:4      | Reached *** piety under Lugonu
  4153 | D:4      | Mangled by an ogre

Illustrated notes

Levels and vault maps discovered:
D:1:      lightli_molten_gateway, layout_basic, serial_shops, shop
D:2:      layout_rooms, nicolae_ecumenical_oubliette, basic_altar,
          mrwooster_statue_mirror
D:3:      layout_loops_cross, tgw_fedhas
D:4:      layout_basic, serial_shops, shop, serial_curves, eino_curves_01,
          eino_curves_01, eino_curves_02, uniq_natasha, uniq_robin,
          uniq_menkaure, uniq_crazy_yiuf_cottage

Skill      XL: |  1  2  3  4  5 |
---------------+----------------+-----
Axes           | 3 4 5 |  5.6
Stealth        | 1 |  1.0
Shields        | 1 |  1.0
Fighting       | |  3.0
Armour         | |  1.5
Dodging        | |  0.7
Invocations    | |  2.0

Action                   |  1- 3 |  4- 6 || total
-------------------------+-------+-------++-------
Melee: Hand axe          |    75 |   162 ||   237
       Tailslap          |    11 |    11 ||    22
Invok: Depart the Abyss  |     1 |       ||     1
 Abil: Rolling Charge    |       |     6 ||     6
 Stab: Sleeping          |     1 |       ||     1
Armor: Leather armour    |    25 |    85 ||   110
Dodge: Dodged            |    25 |    68 ||    93
Block: Buckler           |    11 |    20 ||    31

Table legend: (Time is in decaauts)
 A = Elapsed time spent in this place.
 B = Non-inter-level travel time spent in this place.
 C = Inter-level travel time spent in this place.
 D = Time resting spent in this place.
 E = Time spent auto-exploring this place.
 F = Levels seen in this place.
 G = Mean time per level.
                   A        B        C        D        E       F      G
               +--------+--------+--------+--------+--------+-----+--------+
         Total |   4194 |   4026 |    168 |    118 |   3294 |   5 |  838.8 |
       Dungeon |   4122 |   3954 |    168 |    118 |   3228 |   4 | 1030.5 |
         Abyss |     71 |     71 |      0 |      0 |     66 |   1 |   71.0 |
               +--------+--------+--------+--------+--------+-----+--------+

Top non-repeatable levels by time:
     D:3: 1421 daAuts
     D:1: 1203 daAuts
     D:2: 926 daAuts
     D:4: 571 daAuts
 Abyss:1: 71 daAuts
